 Dungeon Crawl Stone Soup version 0.25.1-2-g60ff931df9 (webtiles) character file.

Game seed: 15468930042649163704

294 raphialitos the Shield-Bearer (level 6, 0/49 HPs)
             Began as a Formicid Fighter on Oct 8, 2020.
             Slain by a leopard gecko (1 damage)
             ... on level 3 of the Dungeon.
             The game lasted 00:04:22 (2547 turns).

raphialitos the Shield-Bearer (Formicid Fighter)    Turns: 2547, Time: 00:04:22

Health: 0/49       AC:  8    Str: 22    XL:     6   Next: 60%
Magic:  6/6        EV:  9    Int: 14    God:
Gold:   54         SH: 10    Dex: 10    Spells: 5/5 levels left

rFire    + . .     SeeInvis +   a - +0 quarterstaff
rCold    . . .     Gourm    .   c - +0 kite shield
rNeg     . . .     Faith    .   b - +1 scale mail
rPois    .         Spirit   .   (helmet unavailable)
rElec    .         Reflect  .   (no cloak)
rCorr    .         Harm     .   (no gloves)
MR       .....                  (no boots)
Stlth    ..........             (no amulet)
HPRegen  0.16/turn              h - ring of protection from fire
MPRegen  0.10/turn              i - +6 ring of intelligence

@: no status effects
A: permanent stasis, dig shafts and tunnels, four strong arms, antennae 3
a: Dig, Shaft Self


You were on level 3 of the Dungeon.
You were hungry.

You visited 1 branch of the dungeon, and saw 3 of its levels.

You collected 54 gold pieces.

Inventory:

Hand Weapons
 a - a +0 quarterstaff (weapon)
Missiles
 j - 17 bolts
 l - 20 sling bullets
Armour
 b - a +1 scale mail (worn)
 c - a +0 kite shield (worn)
Jewellery
 h - a ring of protection from fire (left hand)
 i - a +6 ring of intelligence (right hand)
Wands
 r - a wand of enslavement (8)
Scrolls
 m - 3 scrolls of teleportation {unknown}
 s - a scroll of identify
 t - a scroll of magic mapping {unknown}
Potions
 d - 2 potions of might
 e - 3 potions of brilliance
 g - a potion of flight {unknown}
 k - a potion of stabbing {unknown}
 n - a potion of lignification {unknown}
 o - a potion of haste {unknown}
 p - a potion of curing {unknown}
Comestibles
 f - 6 rations
 q - 2 chunks of flesh


   Skills:
 + Level 4.5 Fighting
 + Level 3.7 Staves
 + Level 4.4 Armour
 + Level 1.5 Dodging
 + Level 4.9 Shields


You had 5 spell levels left.
You didn't know any spells.
Your spell library was empty.

Dungeon Overview and Level Annotations

Branches:
Dungeon (3/15)

Altars:


Innate Abilities, Weirdness & Mutations

You cannot be hasted, slowed, berserked, paralysed or teleported.
You can dig through walls and to a lower floor.
Your four strong arms can wield two-handed weapons with a shield.
You have a pair of large antennae on your head. (SInv)


Message History

* * * LOW HITPOINT WARNING * * *
The orc hits you but does no damage. The orc hits you with a +0 mace.
* * * LOW HITPOINT WARNING * * *
The orc barely misses you.
You block the orc's attack. x2; The orc barely misses you.
Items here: )) [ †††
Okay, then.
The orc wizard gestures at you while chanting.
The magic dart hits you.
* * * LOW HITPOINT WARNING * * *
You block the orc's attack.
A leopard gecko comes into view.
The leopard gecko hisses angrily.
The leopard gecko bites you.
* * * LOW HITPOINT WARNING * * *
You extend your mandibles.
You dig through the rock wall.
You are feeling hungry.
The leopard gecko bites you.
You die...

#...........#
.##############...........#
........o.........#########
........oo...............[.
%.......{#o...#.#.###..####
........o#o#..#.#.###..#
.........#.##..........#
.#########o.....#..##..# #
#...l@#######.##..# #
#....## #.##..# # #...)#
#..#..# # #....# ##.#..# #
#....# #.#..####
####....##### #..#.#... {
#...........# #.......#
#.##....###.# #..#.#.##
#.####### #.# #..#.#...


You could see an orc wizard, 3 orcs and a leopard gecko.

Vanquished Creatures
  An ice beast (D:3)
  Terence (D:2)
  Natasha (thrice) (D:2)
  4 adders
  An ooze (D:2)
  2 worms (D:2)
  A dart slug (D:3)
  A leopard gecko (D:3)
  4 orcs (D:3)
  2 ball pythons (D:3)
  5 bats
  2 giant cockroaches
  3 goblins (D:2)
  5 hobgoblins
  5 jackals
  4 kobolds
  2 quokkas
  A frilled lizard (D:3)
  5 rats
52 creatures vanquished.

Notes
Turn   | Place    | Note
-------+----------+-------------------------------------------
     0 | D:1      | raphialitos the Formicid Fighter began the quest for the
                  | Orb.
     0 | D:1      | Reached XP level 1. HP: 18/18 MP: 1/1
   258 | D:1      | Reached XP level 2. HP: 24/24 MP: 2/2
   802 | D:2      | Reached XP level 3. HP: 6/30 MP: 3/3
  1100 | D:2      | Noticed Terence
  1116 | D:2      | Killed Terence
  1116 | D:2      | Reached XP level 4. HP: 16/37 MP: 4/4
  1217 | D:2      | Noticed Natasha
  1229 | D:2      | Killed Natasha
  1243 | D:2      | Noticed Natasha
  1249 | D:2      | Killed Natasha
  1249 | D:2      | Reached skill level 1 in Dodging
  1249 | D:2      | Reached XP level 5. HP: 6/42 MP: 5/5
  1355 | D:2      | Noticed Natasha
  1362 | D:2      | Killed Natasha
  2245 | D:3      | Noticed an ice beast
  2257 | D:3      | Killed an ice beast
  2257 | D:3      | Reached XP level 6. HP: 39/49 MP: 6/6
  2542 | D:3      | HP: 2/49 [orc wizard/magic dart (4)]
  2547 | D:3      | Slain by a leopard gecko

Illustrated notes

Levels and vault maps discovered:
D:1:      tarquinn_simple_flora_water_d, layout_loops_cross
D:2:      layout_rooms, first_ration, uniq_terence, uniq_natasha
D:3:      layout_basic, lemuel_doored_altar

Skill      XL: |  1  2  3  4  5 |
---------------+----------------+-----
Shields        | 4 |  4.9
Armour         | 4 |  4.4
Fighting       | 4 |  4.5
Dodging        | 1 |  1.5
Staves         | 3 |  3.7

Action                   |  1- 3 |  4- 6 || total
-------------------------+-------+-------++-------
Melee: Quarterstaff      |    76 |   124 ||   200
 Abil: Dig               |       |     1 ||     1
  Use: Scroll            |     4 |     2 ||     6
  Eat: Chunk             |       |     5 ||     5
Armor: Scale mail        |    58 |    74 ||   132
Dodge: Dodged            |    48 |    89 ||   137
Block: Kite shield       |    72 |    85 ||   157
